 Dungeon Crawl Stone Soup version 0.29-a0-857-g9b1aa3ac5b (webtiles) character file.

Game seed: 5111601079338417156

2477 clackabat the Spear-Bearer (level 9, -2/69 HPs)
             Began as a Merfolk Gladiator on July 17, 2022.
             Was a Believer of Okawaru.
             Blown up by a kobold (9 damage)
             ... with a mindburst bolt
             ... on level 5 of the Dungeon.
             The game lasted 00:26:25 (10808 turns).

clackabat the Spear-Bearer (Merfolk Gladiator)     Turns: 10808, Time: 00:26:25

Health: -2/69      AC:  7    Str: 14    XL:     9   Next: 51%
Magic:  12/12      EV: 16    Int: 15    God:    Okawaru [**....]
Gold:   193        SH:  0    Dex: 18    Spells: 11/12 levels left

rFire   . . .      SeeInvis +   a - +2 trident
rCold   . . .      Faith    .   (no shield)
rNeg    . . .      Spirit   .   b - +0 leather armour
rPois   .          Reflect  .   c - +0 helmet
rElec   .          Harm     .   (no cloak)
rCorr   .          Rampage  .   (no gloves)
Will    .....                   g - +2 pair of boots
Stlth   +.........              m - amulet of magic regeneration
HPRegen 0.21/turn               A - ring of see invisible
MPRegen 0.53/turn               r - +6 ring of intelligence

@: on berserk cooldown, hasted and slowed, studying Shields
A: (nimble swimmer 2), mertail
a: Renounce Religion, Heroism


You were on level 5 of the Dungeon.
You worshipped Okawaru.
Okawaru was pleased with you.
You visited 2 branches of the dungeon, and saw 7 of its levels.
You also visited: Ossuary.

You collected 371 gold pieces.
You spent 178 gold pieces at shops.

Inventory:

Hand Weapons
 a - a +2 trident (weapon)
 w - a +0 arbalest
Missiles
 d - 3 throwing nets
 e - a javelin
 h - 7 poisoned darts (quivered)
Armour
 b - a +0 leather armour (worn)
 c - a +0 helmet (worn)
 g - a +2 pair of boots (worn)
Jewellery
 f - a ring of positive energy
 m - an amulet of magic regeneration (around neck)
 r - a +6 ring of intelligence (right hand)
 A - a ring of see invisible (left hand)
Wands
 o - a wand of roots (4)
 t - a wand of flame (5)
Scrolls
 i - a scroll of blinking
 j - 6 scrolls of vulnerability
 p - 4 scrolls of teleportation
 q - a scroll of identify
 y - 2 scrolls of amnesia
Potions
 k - 2 potions of brilliance
 l - a potion of lignification
 u - 2 potions of curing
 v - a potion of ambrosia
 x - a potion of flight
 z - a potion of berserk rage
 D - a potion of might
 E - a potion of heal wounds


   Skills:
 - Level 6.0 Fighting
 * Level 12.5 Polearms
 - Level 2.0 Throwing
 - Level 8.0 Dodging
 + Level 2.0 Spellcasting
 + Level 2.2 Hexes
 + Level 2.4 Invocations


You had 11 spell levels left.
You knew the following spells:

 Your Spells              Type           Power      Damage    Failure   Level
a - Slow                  Hex            32%        N/A       11%         1

Your spell library contained the following spells:

 Spells                   Type           Power      Damage    Failure   Level
 Ensorcelled Hibernation  Hex/Ice        8%         N/A       26%         2
 Confusing Touch          Hex            8%         N/A       32%         3
 Static Discharge         Conj/Air       1%         3-4/arc   38%         2
 Ignite Poison            Fire/Tmut/Pois 1%         N/A       63%         3
 Mephitic Cloud           Conj/Pois/Air  1%         N/A       63%         3
 Spider Form              Tmut/Pois      1%         N/A       63%         3
 Stone Arrow              Conj/Erth      2%         3d7       63%         3
 Vampiric Draining        Necr           1%         2d6       63%         3
 Anguish                  Hex/Necr       2%         N/A       87%         4
 Freezing Cloud           Conj/Ice/Air   0%         6-21      100%        5
 Lightning Bolt           Conj/Air       0%         1d11      100%        5
 Lehudib's Crystal Spear  Conj/Erth      0%         10d2      100%        8
 Maxwell's Capacitive Co  Air            0%         ∞         100%        8
 Animate Armour           Summ/Erth      Unusable   N/A       N/A         4

Dungeon Overview and Level Annotations

Branches:
Dungeon (6/15)             Temple (1/1) D:4         Ossuary (visited)

Altars:
Ashenzari
Cheibriados
Fedhas
Gozag
Hepliaklqana
Kikubaaqudgha
Makhleb
Nemelex Xobeh
Okawaru
Ru
Trog
Uskayaw
Vehumet
Wu Jian
Yredelemnul
Zin
The Shining One

Shops:
D:1 *   D:2 *   D:5 (


Innate Abilities, Weirdness & Mutations

((You are very nimble when in or above water. (Stealth+, EV+, Speed+++)))
Your lower body shifts to a powerful aquatic tail in water.


Message History

The curare-tipped dart closely misses you.
You feel sick. The kobold hits you with a +0 dagger.
The kobold brigand misses you.
Items here: $ ( )))) †.
You closely miss the kobold brigand. The kobold closely misses you.
You hit the kobold brigand.
The kobold brigand is lightly wounded.
You feel sick.
The kobold zaps a wand.
Your mind is blasted!
* * * LOW HITPOINT WARNING * * *
You are too injured to fight recklessly!
You are too injured to fight recklessly!
You puncture the kobold brigand!
The kobold brigand is moderately wounded.
The kobold brigand hits you with a +1 short sword of distortion.
* * * LOW HITPOINT WARNING * * *
You blink.
You feel sick.
You feel a strong urge to attack something.
The kobold zaps a wand.
The roots erupt in riotous growth!
The grasping roots grab you! The grasping roots constrict you.
* * * LOW HITPOINT WARNING * * *
You escape the roots grasp.
Your extra speed is starting to run out.
You are no longer berserk.
You are exhausted.
You feel yourself slow down.
You feel sick.
You feel sick.
You are no longer poisoned.
The kobold misses you. The kobold closely misses you.
You hit the kobold.
You kill the kobold!
The kobold barely misses you.
You closely miss the kobold. The kobold completely misses you.
You hit the kobold.
The kobold is heavily wounded.
The kobold barely misses you.
You closely miss the kobold. The kobold misses you.
The kobold zaps a wand.
Your mind is blasted!
You die...

#.##.##...##.........####..
####.##.##...##.........# #..
#....##.##.....#####....# #.#
##(####'##.##.##≈⌠≈##...####.#
#.##......##)#.....##........
#.##.........'.###..#.....#.#
#.##......#.K'.....$#........
##.##......##KK.###..#.###.###
####..........##@#K....##.###....
.................##≈⌠≈##...######
#####.##..##......#####..........
########..#.............#........
....# #(...................####.
###.####...........≈......§≈...#.
# #...##...........≈≈....§≈≈##.#.
##...#.##.......≈≈≈≈..§§≈.'....
#...#####......≈≈≈≈..§§..##...


You could see a kobold brigand and 3 kobolds.

Vanquished Creatures
  The ghost of Yogidamonk the Protected, a novice MiFi (D:5)
  Sigmund (D:4)
  Edmund (Temple)
  2 water moccasins
  A sky beast (D:6)
  An ice beast (D:6)
  2 ogres
  A black bear (D:6)
  A phantom (D:5)
  2 centaurs (D:5)
  Blork the orc (D:4)
  A bullfrog (D:6)
  An elf zombie (Ossuary)
  A scorpion (D:4)
  2 necrophages
  A howler monkey (D:5)
  3 hounds
  An iguana (D:6)
  3 orc wizards
  2 hound zombies (Ossuary)
  4 mummies (Ossuary)
  4 gnolls
  8 adders
  A shadow imp (D:6)
  A white imp (D:5)
  3 ufetubi
  An adder zombie (Ossuary)
  4 worms
  4 dart slugs
  19 orcs
  6 ball pythons
  6 endoplasms
  2 giant cockroaches
  A gnoll zombie (Ossuary)
  3 goblins (D:1)
  8 hobgoblins
  2 jackals (D:2)
  8 quokkas
  13 bats
  2 frilled lizards
  A goblin zombie (Ossuary)
  A hobgoblin zombie (Ossuary)
  A jackal zombie (Ossuary)
  11 kobolds
  2 kobold zombies (Ossuary)
  An orc zombie (Ossuary)
  23 rats
  A rat zombie (Ossuary)
170 creatures vanquished.

Vanquished Creatures (others)
  A jelly (D:5)
  2 fungi (D:5)
  5 plants
8 creatures vanquished.

Grand Total: 178 creatures vanquished

Notes
Turn   | Place    | Note
-------+----------+-------------------------------------------
     0 | D:1      | clackabat the Merfolk Gladiator began the quest for the
                  | Orb.
     0 | D:1      | Reached XP level 1. HP: 16/16 MP: 1/1
   232 | D:1      | Found Annavuj's General Store.
   261 | D:1      | Reached XP level 2. HP: 23/23 MP: 2/2
   332 | D:1      | Found a faded altar of an unknown god.
   821 | D:1      | Reached XP level 3. HP: 27/28 MP: 3/3
  1029 | D:2      | Reached skill level 5 in Polearms
  1254 | D:2      | Found Jugafun's Assorted Antiques.
  1317 | D:2      | Reached XP level 4. HP: 22/34 MP: 4/4
  2250 | D:3      | Reached skill level 5 in Dodging
  2348 | D:3      | Reached XP level 5. HP: 35/41 MP: 5/5
  2584 | D:3      | Reached skill level 6 in Polearms
  2948 | D:3      | Found a sacrificial altar of Ru.
  3896 | D:4      | Reached XP level 6. HP: 42/48 MP: 6/6
  4070 | D:4      | Noticed a water moccasin
  4084 | D:4      | Killed a water moccasin
  4085 | D:4      | Reached skill level 7 in Polearms
  4309 | D:4      | Found a staircase to the Ecumenical Temple.
  4326 | Temple   | Entered the Ecumenical Temple
  4361 | Temple   | Became a worshipper of Warmaster Okawaru
  4420 | D:4      | Noticed Blork the orc
  4438 | D:4      | Killed Blork the orc
  4776 | D:4      | Noticed Sigmund
  4795 | D:4      | Killed Sigmund
  4796 | D:4      | Reached skill level 8 in Polearms
  4796 | D:4      | Reached XP level 7. HP: 30/55 MP: 7/7
  5003 | D:4      | Noticed Edmund
  5749 | D:4      | Found a sparkling altar of Nemelex Xobeh.
  5862 | D:4      | Reached skill level 5 in Fighting
  6063 | D:5      | Entered Level 5 of the Dungeon
  6130 | D:5      | Learned a level 1 spell: Slow
  6151 | D:5      | Found Ulaushol's Antique Weapon Boutique.
  6196 | D:5      | Reached * piety under Okawaru
  6197 | D:5      | Reached skill level 9 in Polearms
  6423 | D:5      | Reached XP level 8. HP: 54/62 MP: 8/8
  6435 | D:5      | Found a runed translucent gate.
  6436 | D:5      | Found a runed translucent gate.
  6437 | D:5      | Found a runed translucent gate.
  6437 | D:5      | Noticed Yogidamonk's ghost (novice MiFi)
  6847 | D:5      | Reached skill level 10 in Polearms
  7105 | D:5      | Found a bloodstained altar of Trog.
  7152 | D:5      | Found a blossoming altar of Fedhas.
  7708 | D:6      | Reached ** piety under Okawaru
  7709 | D:6      | Reached skill level 11 in Polearms
  7709 | D:6      | Found a broken altar of Ashenzari.
  7890 | D:6      | Reached XP level 9. HP: 51/69 MP: 9/9
  8188 | D:6      | Found a sand-covered staircase.
  8194 | Ossuary  | Entered an ossuary
  8236 | Ossuary  | Reached skill level 1 in Hexes
  8236 | Ossuary  | Reached skill level 1 in Invocations
  8277 | Ossuary  | Reached skill level 1 in Spellcasting
  8652 | Ossuary  | Reached skill level 12 in Polearms
 10055 | D:1      | Bought a potion of might for 56 gold pieces
 10055 | D:1      | Bought a potion of heal wounds for 70 gold pieces
 10055 | D:1      | Bought a scroll of identify for 28 gold pieces
 10066 | D:2      | Identified a scroll of acquirement
 10067 | D:2      | Acquired a manual of Shields
 10116 | D:2      | Bought a brown potion for 24 gold pieces
 10430 | Temple   | Killed Edmund
 10792 | D:5      | Killed Yogidamonk's ghost
 10808 | D:5      | Blown up by a kobold

Illustrated notes

Levels and vault maps discovered:
D:1:      dpeg_arrival_rooms_c, layout_loops_ring,
          dilly_ecumenical_altar_fadedgnrine, serial_shops,
          nicolae_shop_competitors_out_of_business, minmay_heptomino_d4
D:2:      layout_rooms, serial_shops, shop, serial_forest,
          infiniplex_forest_lined_corner, infiniplex_forest_clump_curved,
          infiniplex_forest_clump_medium, infiniplex_forest_straight_2,
          infiniplex_forest_straight_1, infiniplex_forest_clump_cross,
          infiniplex_forest_corner_1, st_stairs_13, cheibrodos_gnoll_hut
D:3:      layout_loops_cross, nicolae_ru_the_path_less_chosen, minmay_rat_hole
D:4:      layout_loops_ring, nemelex_diamond_rough_becter,
          minmay_temple_entry_gardened_gates, kennysheep_generic_room_10,
          uniq_blork_the_orc, uniq_sigmund, uniq_edmund
D:5:      layout_basic, trog_book, lemuel_coloured_pillars_altar, serial_shops,
          shop, gammafunk_ghost_nasty_kobolds, lemuel_old_faithful
D:6:      layout_loops_ring, ashenzari_altar_1, enter_ossuary_2
Temple:   compressed_dpeg_triangle_lava_temple

Skill      XL: |  1  2  3  4  5  6  7  8  9 |
---------------+----------------------------+-----
Polearms       | 5 6 8 9 11 12 | 12.5
Fighting       | 3 4 5 6 |  6.0
Dodging        | 5 6 7 8 |  8.0
Hexes          | 2 |  2.2
Invocations    | 2 |  2.4
Spellcasting   | 2 |  2.0
Throwing       | |  2.0

Action                   |  1- 3 |  4- 6 |  7- 9 || total
-------------------------+-------+-------+-------++-------
Melee: Trident           |   123 |   345 |   434 ||   902
       Punch             |       |     1 |    10 ||    11
Throw: Javelin           |       |     3 |       ||     3
       Throwing net      |       |     1 |       ||     1
       Dart              |       |       |     6 ||     6
Invok: Heroism           |       |       |     4 ||     4
  Use: Scroll            |       |     8 |    15 ||    23
       Potion            |       |     2 |    11 ||    13
 Stab: Sleeping          |     3 |     2 |       ||     5
Armor: Leather armour    |    30 |    73 |    75 ||   178
Dodge: Dodged            |    90 |   192 |   296 ||   578

Table legend: (Time is in decaauts)
 A = Elapsed time spent in this place.
 B = Non-inter-level travel time spent in this place.
 C = Inter-level travel time spent in this place.
 D = Time resting spent in this place.
 E = Time spent auto-exploring this place.
 F = Levels seen in this place.
 G = Mean time per level.
                   A        B        C        D        E       F      G
               +--------+--------+--------+--------+--------+-----+--------+
         Total |  10697 |   9368 |   1329 |   3337 |   4487 |   8 | 1337.1 |
       Dungeon |   9835 |   8555 |   1280 |   2867 |   4383 |   6 | 1639.2 |
        Temple |    378 |    329 |     49 |    257 |      0 |   1 |  378.0 |
       Ossuary |    484 |    484 |      0 |    213 |    104 |   1 |  484.0 |
               +--------+--------+--------+--------+--------+-----+--------+

Top non-repeatable levels by time:
     D:5: 2386 daAuts
     D:4: 2355 daAuts
     D:3: 1664 daAuts
     D:2: 1195 daAuts
     D:1: 1177 daAuts
     D:6: 1055 daAuts
 Ossuary: 484 daAuts
  Temple: 378 daAuts
